 Dungeon Crawl Stone Soup version 0.29.0-11-gd7f09526c8 (webtiles) character file.

Game seed: 6694841506644024425

8483 RKaid the Markself (level 11, 0/61 HPs)
             Began as a Deep Elf Hunter on Sept 3, 2022.
             Was a Believer of Hepliaklqana.
             Succumbed to a cane toad's poison
             ... on level 1 of the Lair of Beasts.
             The game lasted 00:26:17 (13046 turns).

RKaid the Markself (Deep Elf Hunter)               Turns: 13046, Time: 00:26:17

Health: 0/61       AC:  8    Str:  8    XL:     11   Next: 10%
Magic:  13/13      EV: 16    Int: 15    God:    Hepliaklqana [**....]
Gold:   864        SH:  5    Dex: 22    Spells: 10/10 levels left

rFire   + . .      SeeInvis .   a - +2 shortbow (venom)
rCold   + . .      Faith    .   (shield currently unavailable)
rNeg    . . .      Spirit   .   v - +0 ring mail
rPois   .          Reflect  +   (no helmet)
rElec   .          Harm     .   o - +0 cloak
rCorr   .          Rampage  .   e - +1 pair of gloves
Will    +....                   (no boots)
Stlth   ++........              C - amulet of reflection
HPRegen 0.20/turn               g - ring of protection from fire {rF+}
MPRegen 0.13/turn               r - ring of protection from cold {rC+}

@: lethally poisoned (0 -> -5), studying Fighting
A: reduced essence
a: Renounce Religion, Recall Ancestor, Ancestor Identity


You were on level 1 of the Lair of Beasts.
You worshipped Hepliaklqana.
Hepliaklqana was pleased with you.
You visited 3 branches of the dungeon, and saw 12 of its levels.

You collected 1237 gold pieces.
You spent 373 gold pieces at shops.

Inventory:

Hand Weapons
 a - a +2 shortbow of venom (weapon)
   (You took it off a centaur on level 6 of the Dungeon)
 y - a +0 dagger of electrocution
   (You took it off a goblin on level 3 of the Dungeon)
 z - a +0 dagger of venom
   (You took it off a goblin on level 3 of the Dungeon)
Missiles
 I - a throwing net {=f}
Armour
 e - a +1 pair of gloves (worn)
   (You found it on level 1 of the Dungeon)
 m - a +0 leather armour
 o - a +0 cloak (worn)
   (You found it on level 3 of the Dungeon)
 v - a +0 ring mail (worn)
   (You took it off an orc on level 5 of the Dungeon)
Jewellery
 g - a ring of protection from fire (left hand) {rF+}
   (You found it on level 1 of the Dungeon)
 r - a ring of protection from cold (right hand) {rC+}
   (You found it on level 4 of the Dungeon)
 x - a ring of protection from fire {rF+}
   (You took it off a goblin on level 3 of the Dungeon)
 B - an amulet of the acrobat
   (You found it on level 5 of the Dungeon)
 C - an amulet of reflection (around neck)
   (You found it on level 6 of the Dungeon)
 E - a +6 ring of strength
   (You found it on level 6 of the Dungeon)
 H - a ring of willpower
   (You found it on level 9 of the Dungeon)
Wands
 t - a wand of light (5)
   (You found it on level 1 of the Lair of Beasts)
 J - a wand of charming (1)
   (You took it off Erica on level 9 of the Dungeon)
Scrolls
 b - 2 scrolls of immolation {!r}
 f - 3 scrolls of enchant weapon
 i - 3 scrolls of identify
 k - 2 scrolls of vulnerability {!r!r}
 l - 3 scrolls of blinking {!r}
 q - 5 scrolls of silence
 s - a scroll of amnesia
 w - 3 scrolls of fear
 F - a scroll of butterflies
 G - a scroll of torment {unknown}
Potions
 c - a potion of curing
 d - a potion of might
 h - 2 potions of heal wounds
 j - a potion of ambrosia
 n - 3 potions of brilliance
 p - a potion of cancellation {unknown}
 u - 2 potions of lignification {!q}
 A - a potion of resistance
 D - a potion of attraction {!q}
 K - a potion of mutation {unknown}


   Skills:
 * Level 7.6 Fighting
 + Level 16.2 Ranged Weapons
 + Level 10.7 Dodging
 - Level 1.2 Stealth
 + Level 0.9 Invocations


You had 10 spell levels left.
You didn't know any spells.
Your spell library contained the following spells:

 Spells                   Type           Power      Damage    Failure   Level
 Sandblast                Erth           0%         2d4       63%         1
 Passwall                 Tmut/Erth      0%         N/A       77%         2
 Scorch                   Fire           0%         2d5       77%         2
 Dazzling Flash           Conj/Hex       0%         N/A       94%         3
 Inner Flame              Hex/Fire       0%         N/A       94%         3
 Stone Arrow              Conj/Erth      0%         3d7       94%         3
 Summon Guardian Golem    Hex/Summ       0%         N/A       94%         3
 Cause Fear               Hex            0%         N/A       100%        4
 Flame Wave               Conj/Fire      0%         2d4       100%        4
 Agony                    Necr           0%         N/A       100%        5
 Silence                  Hex/Air        0%         N/A       100%        5
 Summon Cactus Giant      Summ           0%         N/A       100%        6
 Orb of Destruction       Conj           0%         9d5       100%        7
 Spellforged Servitor     Conj/Summ      0%         N/A       100%        7
 Discord                  Hex            0%         N/A       100%        8


Dungeon Overview and Level Annotations

Branches:
Dungeon (10/15)            Temple (1/1) D:4            Lair (1/5) D:10
    Orc: D:9-12

Altars:
Ashenzari
Cheibriados
Dithmenos
Elyvilon
Fedhas
Gozag
Hepliaklqana
Kikubaaqudgha
Makhleb
Nemelex Xobeh
Okawaru
Qazlal
Ru
Sif Muna
Trog
Uskayaw
Vehumet
Wu Jian
Xom
Yredelemnul
Zin
The Shining One

Shops:
D:3 *   D:7 ?


Message History

You climb downwards.
Welcome to the Lair of Beasts!
The cane toad croaks.
There is a staircase back to the Dungeon here.
A cane toad is nearby!
A cane toad is nearby!
You shoot an arrow. The arrow hits the cane toad!
You shoot an arrow. The arrow hits the cane toad!
You shoot an arrow. The arrow hits the cane toad.
You shoot an arrow. The arrow hits the cane toad!
The cane toad is poisoned.
Phaeda completely misses the cane toad.
You shoot an arrow.
The arrow hits the cane toad but does no damage.
You kill the cane toad!
Found a stone staircase leading down.
You see here a +0 longbow.
You swap places.
You swap places.
You see here a +0 leather armour.
You may now remember your ancestor's life.
Are you sure you want to remember your ancestor as a knight?
It is so.
A bullfrog comes into view.
Press: ? - help, v - describe, . - travel
Here: Phaeda the knight, wielding a +0 flail and wearing a +0 kite shield (friendly)
The floor.
You shoot an arrow. The arrow hits the bullfrog!
The bullfrog is poisoned.
The bullfrog gives a loud, deep croak!
You shoot an arrow. The arrow closely misses the bullfrog.
You block the bullfrog's attack. The bullfrog misses you.
You swap places.
The bullfrog misses Phaeda.
Phaeda barely misses the bullfrog.
You shoot an arrow. Phaeda avoids your attack.
The arrow hits the bullfrog.
Phaeda blocks the bullfrog's attack.
Phaeda barely misses the bullfrog.
You shoot an arrow. Phaeda avoids your attack.
The arrow hits the bullfrog.
You kill the bullfrog!
You swap places.
Found a stone staircase leading down.
You swap places.
A wyvern comes into view.
A wyvern is nearby!
You shoot an arrow. The arrow hits the wyvern!
The wyvern is poisoned.
The wyvern hisses angrily.
You shoot an arrow. The arrow hits the wyvern!
The wyvern looks as sick as possible!
You shoot an arrow.
The arrow hits the wyvern but does no damage.
The wyvern looks as sick as possible!
You shoot an arrow. Phaeda avoids your attack.
The arrow hits the wyvern!
You kill the wyvern!
You enter the shallow water.
Moving in this stuff is going to be slow.
i - 3 scrolls of identify (gained 1)
t - a wand of light (5)
You now have 846 gold pieces (gained 10).
You pick up a book of Dangerous Friends and begin reading...
You add the spells Summon Guardian Golem, Orb of Destruction and Spellforged Servitor to your library.
Unknown command.
You swap places.
You swap places.
You now have 864 gold pieces (gained 18).
You swap places.
You swap places.
You see here a +0 spear.
L - a staff of earth You swap places.
You swap places.
Found an escape hatch in the floor.
You drop a staff of earth.
Found a stone staircase leading down.
A cane toad comes into view.
You shoot an arrow. The arrow hits the cane toad.
You shoot an arrow.
The arrow hits the cane toad but does no damage.
You shoot an arrow. The arrow barely misses the cane toad.
Phaeda misses the cane toad.
You shoot an arrow. The arrow hits the cane toad.
The cane toad is poisoned.
The cane toad stings you!
You are poisoned.
The cane toad poisons you!
You shoot an arrow. The arrow hits the cane toad!
You feel very sick.
Phaeda closely misses the cane toad.
The cane toad closely misses you.
You shoot an arrow. The arrow hits the cane toad!
You feel very sick.
Phaeda misses the cane toad.
The cane toad misses you.
You shoot an arrow. The arrow barely misses the cane toad.
You feel very sick.
The cane toad stings you but does no damage.
Phaeda completely misses the cane toad.
You shoot an arrow.
The arrow hits the cane toad but does no damage.
You feel sick. You block the cane toad's attack.
Phaeda barely misses the cane toad.
You swap places.
You feel sick. The cane toad stings you!!
* * * LOW HITPOINT WARNING * * *
Phaeda barely misses the cane toad.
The cane toad attacks as you move away! The cane toad stings you!
* * * LOW HITPOINT WARNING * * *
x2 You feel sick.
Phaeda hits the cane toad with a +0 flail!
You die...

......... .........[
.>......# #####...#
........# ##.## ........#
#.## ........# #..#
#........R# ###..#
#.#######F#####.#####.#.##
#.# #..>............## #.#
#@#######.#####... #.##
#.# #.## #.P# #.# #.##
#..# #.# ..# #..# #.# ##.#
#.## ##.# #.# #.######..#
#.# #.........#### #..
#.###.###.......


You could see the friendly Phaeda the knight and a cane toad (distracted, very
poisoned, ally target).

Vanquished Creatures
  Erica (D:9)
  Pikel (D:8)
  A cane toad (Lair:1)
  A troll (D:10)
  3 wyverns
  12 yaks
  2 steam dragons
  A water moccasin (D:7)
  An ice beast (D:8)
  2 black bears
  An orc warrior (D:10)
  A sky beast (D:8)
  4 ogres
  A wolf (D:9)
  4 centaurs
  2 lemures (D:8)
  5 bullfrogs
  A kobold brigand (D:9)
  A gnoll sergeant (D:9)
  A necrophage (D:5)
  A scorpion (D:9)
  6 wights
  5 killer bees
  6 howler monkeys (D:8)
  4 lava snakes (D:7)
  3 hounds (D:5)
  4 orc priests
  3 gnoll boudas
  3 jellies
  3 iguanas
  7 orc wizards
  4 adders
  16 gnolls
  A shadow imp (D:7)
  2 white imps (D:9)
  An ufetubus (D:9)
  A dart slug (D:2)
  2 worms
  22 orcs
  2 bat zombies (D:4)
  8 endoplasms
  6 giant cockroaches
  9 goblins
  11 hobgoblins
  4 quokkas
  6 ball pythons
  10 bats
  2 frilled lizards
  12 kobolds
  3 rats
213 creatures vanquished.

Vanquished Creatures (collateral kills)
  Erolcha (D:10)
  An unseen horror simulacrum (D:9)
  An ice beast (D:9)
  A killer bee (D:10)
4 creatures vanquished.

Vanquished Creatures (others)
  6 ancestors
  2 fungi (D:10)
  11 plants
19 creatures vanquished.

Grand Total: 236 creatures vanquished

Notes
Turn   | Place    | Note
-------+----------+-------------------------------------------
     0 | D:1      | RKaid the Deep Elf Hunter began the quest for the Orb.
     0 | D:1      | Reached XP level 1. HP: 12/12 MP: 3/3
   146 | D:1      | Reached XP level 2. HP: 17/17 MP: 4/4
   351 | D:1      | Reached skill level 2 in Fighting
   351 | D:1      | Reached skill level 3 in Dodging
  1012 | D:2      | Reached XP level 3. HP: 21/21 MP: 5/5
  1111 | D:2      | Reached skill level 6 in Ranged Weapons
  1545 | D:3      | Identified a scroll of acquirement
  1545 | D:3      | Acquired 702 gold pieces
  1566 | D:3      | Reached XP level 4. HP: 27/27 MP: 6/6
  1584 | D:3      | Found Ithetsekh's General Store.
  1590 | D:3      | Bought a scroll of teleportation for 30 gold pieces
  1784 | D:3      | Found a faded altar of an unknown god.
  2034 | D:4      | Noticed an ogre
  2044 | D:4      | Killed an ogre
  2045 | D:4      | Reached skill level 7 in Ranged Weapons
  2045 | D:4      | Reached skill level 4 in Dodging
  2045 | D:4      | Reached XP level 5. HP: 15/32 MP: 7/7
  2047 | D:4      | HP: 4/32 [iguana (11)]
  2511 | D:4      | Found a staircase to the Ecumenical Temple.
  2527 | Temple   | Entered the Ecumenical Temple
  2527 | Temple   | Found a transporter.
  2527 | Temple   | Found a transporter.
  2529 | Temple   | Found a transporter.
  2529 | Temple   | Found a transporter.
  2817 | D:4      | Found an ancient bone altar of Kikubaaqudgha.
  2923 | D:4      | HP: 5/32 [iguana (9)]
  2928 | D:4      | Reached skill level 3 in Fighting
  2928 | D:4      | Reached XP level 6. HP: 5/37 MP: 8/8
  3447 | D:5      | Entered Level 5 of the Dungeon
  3514 | D:5      | Reached skill level 8 in Ranged Weapons
  3736 | D:5      | Reached skill level 5 in Dodging
  3736 | D:5      | Reached XP level 7. HP: 19/41 MP: 9/9
  3907 | D:5      | Reached skill level 9 in Ranged Weapons
  4427 | D:5      | HP: 5/42 [black bear (6)]
  4428 | D:5      | HP: 1/42 [black bear (4)]
  4430 | D:5      | Reached skill level 4 in Fighting
  4945 | D:5      | Reached skill level 6 in Dodging
  5211 | D:6      | Found a glowing golden altar of the Shining One.
  5230 | D:6      | Reached skill level 10 in Ranged Weapons
  5230 | D:6      | Reached XP level 8. HP: 40/48 MP: 10/10
  5629 | D:6      | Found a blossoming altar of Fedhas.
  5630 | D:6      | Found a sacrificial altar of Ru.
  5634 | D:6      | Found a bloodstained altar of Trog.
  5635 | D:6      | Found an ornate altar of the Wu Jian Council.
  5636 | D:6      | Found a hide-covered altar of Uskayaw.
  5637 | D:6      | Found a shadowy altar of Dithmenos.
  5638 | D:6      | Found a white marble altar of Elyvilon.
  5642 | D:6      | Found a sparkling altar of Nemelex Xobeh.
  5644 | D:6      | Found an iron altar of Okawaru.
  5651 | D:6      | HP: 8/48 [bullfrog (5)]
  6404 | D:7      | HP: 9/48 [gnoll/+0 whip[a gnoll bouda] (5)]
  6406 | D:7      | HP: 1/48 [gnoll/+0 halberd[a gnoll bouda] (8)]
  6518 | D:7      | Reached skill level 11 in Ranged Weapons
  6854 | D:7      | Reached skill level 7 in Dodging
  7651 | D:7      | Reached skill level 5 in Fighting
  8033 | D:7      | Found Buin's Magic Scroll Shoppe.
  8041 | D:7      | Bought a scroll of teleportation for 42 gold pieces
  8041 | D:7      | Bought a scroll of identify for 28 gold pieces
  8041 | D:7      | Bought a scroll of teleportation for 42 gold pieces
  8041 | D:7      | Bought a scroll of identify for 28 gold pieces
  8041 | D:7      | Bought a scroll of teleportation for 42 gold pieces
  8041 | D:7      | Bought a scroll of identify for 28 gold pieces
  8041 | D:7      | Bought a scroll of brand weapon for 133 gold pieces
  8147 | D:7      | Found a faded altar of an unknown god.
  8147 | D:7      | Found a faded altar of an unknown god.
  8147 | D:7      | Found a hazy altar of Hepliaklqana.
  8151 | D:7      | Reached XP level 9. HP: 54/54 MP: 11/11
  8152 | D:7      | Found a faded altar of an unknown god.
  8161 | D:7      | Became a worshipper of Hepliaklqana the Forgotten
  8427 | D:8      | Found a radiant altar of Vehumet.
  8458 | D:8      | Reached skill level 12 in Ranged Weapons
  8640 | D:8      | Noticed Pikel
  8666 | D:8      | Killed Pikel
  8667 | D:8      | Reached skill level 13 in Ranged Weapons
  8667 | D:8      | Reached skill level 8 in Dodging
  9315 | D:9      | Noticed Erica
  9409 | D:9      | Reached skill level 6 in Fighting
  9411 | D:9      | Reached * piety under Hepliaklqana
  9788 | D:9      | HP: 10/55 [wyvern (4)]
 10118 | D:9      | Reached skill level 9 in Dodging
 10141 | D:9      | Reached skill level 14 in Ranged Weapons
 10161 | D:9      | Killed Erica
 10162 | D:9      | Reached XP level 10. HP: 45/54 MP: 12/12
 10556 | D:9      | HP: 9/54 [yak (10)]
 10971 | D:9      | Reached skill level 15 in Ranged Weapons
 11307 | D:10     | Entered Level 10 of the Dungeon
 11313 | D:10     | Reached skill level 10 in Dodging
 11314 | D:10     | Noticed Erolcha
 11333 | D:9      | HP: 10/54 [yak (11)]
 11338 | D:9      | Reached skill level 7 in Fighting
 11969 | D:10     | Killed Erolcha
 12116 | D:10     | Reached skill level 16 in Ranged Weapons
 12128 | D:10     | Reached XP level 11. HP: 57/60 MP: 13/13
 12271 | D:10     | Found a staircase to the Lair.
 12561 | D:10     | Acquired a manual of Fighting
 12592 | Lair:1   | Entered Level 1 of the Lair of Beasts
 12695 | Lair:1   | Reached ** piety under Hepliaklqana
 12696 | Lair:1   | Remembered your ancestor Phaeda as a knight
 13044 | Lair:1   | HP: 14/61 [cane toad (19)]
 13045 | Lair:1   | HP: 3/61 [cane toad (11)]
 13045 | Lair:1   | HP: 1/61 [poisoned by a cane toad]
 13046 | Lair:1   | Succumbed to a cane toad's poison

Illustrated notes

Levels and vault maps discovered:
D:1:      evilmike_arrival_fibonacci_small, layout_basic
D:2:      layout_basic, minmay_octomino_c4
D:3:      layout_rooms, serial_shops, shop,
          shapermc_ecumenical_altar_totnotflames
D:4:      layout_basic, lemuel_zombie_altar_kikubaaqudgha, temple_fountains
D:5:      layout_basic, serial_bayou_pond_b
D:6:      layout_rooms, tso_oasis_becter, nicolae_overflow_hallway_of_the_gods,
          chequers_serial_rivers_micro_a
D:7:      layout_basic, nicolae_hepliaklqana_ecumenical_no_more, serial_shops,
          shop, kennysheep_boxes
D:8:      layout_rooms, mainiacjoe_overflow_cross_hatched, uniq_pikel
D:9:      layout_roguey, serial_ice, serial_ice_n, serial_ice_h, serial_ice_g,
          serial_ice_m, uniq_erica
D:10:     layout_rooms, grunt_lair_entry_orc_guard_hut, hex_tiny, uniq_erolcha
Temple:   hellmonk_temple_divided_pantheon
Lair:1:   layout_small_grid, chequers_serial_rivers_small_a,
          hangedman_lair_unloving_vines, eino_small_chamber_without_monster,
          chequers_serial_rivers_small_3

Skill      XL: |  1  2  3  4  5  6  7  8  9 10 |
---------------+-------------------------------+-----
Fighting       | 2 3 4 5 6 7 |  7.6
Dodging        | 3 4 5 6 7 9 10 | 10.7
Ranged Weapons | 6 7 8 10 11 14 16 | 16.2
Stealth        | |  1.2
Invocations    | |  0.9

Action                   |  1- 3 |  4- 6 |  7- 9 | 10-12 || total
-------------------------+-------+-------+-------+-------++-------
Melee: Shortbow          |       |     1 |     1 |       ||     2
 Fire: Shortbow          |   126 |   146 |   388 |   169 ||   829
Invok: Ancestor Identity |       |       |     1 |       ||     1
       Recall Ancestor   |       |       |       |     1 ||     1
       Ancestor Life: Kn |       |       |       |     1 ||     1
  Use: Scroll            |     6 |     6 |    13 |     2 ||    27
       Potion            |       |     1 |     4 |       ||     5
Armor: Leather armour    |    17 |    22 |    13 |       ||    52
       Ring mail         |       |       |    37 |    23 ||    60
       Skin              |       |       |     1 |       ||     1
Dodge: Dodged            |    32 |    36 |   154 |    59 ||   281
Block: Other             |       |       |    41 |    23 ||    64
       Reflection        |       |       |     8 |       ||     8

Table legend: (Time is in decaauts)
 A = Elapsed time spent in this place.
 B = Non-inter-level travel time spent in this place.
 C = Inter-level travel time spent in this place.
 D = Time resting spent in this place.
 E = Time spent auto-exploring this place.
 F = Levels seen in this place.
 G = Mean time per level.
                   A        B        C        D        E       F      G
               +--------+--------+--------+--------+--------+-----+--------+
         Total |  13121 |  12755 |    366 |   5368 |   5450 |  12 | 1093.4 |
       Dungeon |  12609 |  12243 |    366 |   5368 |   5035 |  10 | 1260.9 |
        Temple |     59 |     59 |      0 |      0 |      3 |   1 |   59.0 |
          Lair |    451 |    451 |      0 |      0 |    412 |   1 |  451.0 |
               +--------+--------+--------+--------+--------+-----+--------+

Top non-repeatable levels by time:
     D:9: 2886 daAuts
     D:7: 2082 daAuts
     D:5: 1956 daAuts
     D:4: 1434 daAuts
     D:6: 966 daAuts
     D:2: 773 daAuts
     D:1: 768 daAuts
    D:10: 664 daAuts
     D:8: 614 daAuts
     D:3: 463 daAuts
  Lair:1: 451 daAuts
  Temple: 59 daAuts

Table legend:
 A = Kills in this place as a percentage of kills in entire the game.
 B = Kills by you in this place as a percentage of kills by you in the entire game.
 C = Kills by friends in this place as a percentage of kills by friends in the entire game.
 D = Other kills in this place as a percentage of other kills in the entire game.
 E = Experience gained in this place as a percentage of experience gained in the entire game.
 F = Experience gained in this place divided by the number of levels of this place that you have seen.
                   A       B       C       D       E      F
               +-------+-------+-------+-------+-------+----------------------
         Total | 100.0 | 100.0 | 100.0 |   N/A | 100.0 | 1009.9
       Dungeon |  98.6 |  98.6 | 100.0 |   N/A |  94.1 | 1140.5
          Lair |   1.4 |   1.4 |   0.0 |   N/A |   5.9 | 714.0
               +-------+-------+-------+-------+-------+----------------------
